 Dungeon Crawl Stone Soup version 0.17-a0-1997-ga88ed7d (webtiles) character file.

14077 Maka the Nimble (level 11, -1/89 HPs)
             Began as a Green Draconian Transmuter on Oct 8, 2015.
             Was a High Priest of Okawaru.
             Slain by a blink frog (2 damage)
             ... on level 9 of the Dungeon.
             The game lasted 00:31:37 (14848 turns).

Maka the Nimble (Green Draconian Transmuter)       Turns: 14848, Time: 00:31:37

Health: -1/89      AC: 14    Str: 13    XL:     11   Next: 84%
Magic:  13/15      EV: 24    Int: 13    God:    Okawaru [*****.]
Gold:   495        SH:  0    Dex: 15    Spells: 3 memorised, 10 levels left

rFire  . . .     SeeInvis .       - Unarmed
rCold  + . .     Clarity  .     (armour unavailable)
rNeg   . . .     SustAt   .     (no shield)
rPois  +         Gourm    .     t - +2 hat
rElec  .         Spirit   .     d - +0 cloak {+Inv}
rCorr  .         Warding  .     f - +0 pair of gloves
rMut   +         Stasis   .     j - +2 pair of boots {run}
MR     .....                    y - amulet of resist mutation
Stlth  +++.......               m - ring of wizardry
                                h - ring of protection from cold

@: appendage (expiring), heroism, quick, not resistant to hostile enchantments,
fairly stealthy
A: breathe noxious fumes, unfitting armour, horns 2, poison resistance,
cold-blooded, AC +7
a: Breathe Noxious Fumes, End Transformation, Heroism, Finesse, Renounce
Religion, Evoke Invisibility


You were on level 9 of the Dungeon.
You worshipped Okawaru.
Okawaru was extremely pleased with you.
You were not hungry.
You had grown temporary horns.
You visited 4 branches of the dungeon, and saw 13 of its levels.
You also visited: Volcano.

You collected 955 gold pieces.
You spent 460 gold pieces at shops.

Inventory:

Hand Weapons
 q - the +7 lajatang of Order {silver, rMut}
   (Okawaru gifted it to you on level 9 of the Dungeon)

   It protects you from mutation.
Missiles
 a - 129 arrows
Armour
 d - a +0 cloak of invisibility (worn)
 f - a +0 pair of gloves (worn)
 j - a +2 pair of boots of running (worn)
 t - a +2 hat (worn)
Jewellery
 h - a ring of protection from cold (left hand)
 m - a ring of wizardry (right hand)
 x - an uncursed ring of magical power
 y - an amulet of resist mutation (around neck)
 A - a +4 ring of strength
Wands
 s - a wand of flame (23)
 w - a wand of random effects (14)
 G - a wand of confusion (36)
Scrolls
 g - a scroll of holy word
 l - 2 scrolls of remove curse
 n - a scroll of fog
 r - a scroll of magic mapping
 u - 2 scrolls of teleportation
 v - 3 scrolls of blinking
Potions
 e - 5 potions of curing
 k - 4 potions of brilliance
 o - 3 potions of lignification
 p - a potion of magic
 z - a potion of beneficial mutation {unknown}
 B - 3 potions of flight
 C - a potion of agility
 E - a potion of berserk rage {unknown}
Books
 b - a book of Changes

   Spells                             Type                      Level
   a - Beastly Appendage              Transmutation                1
   b - Sticks to Snakes               Transmutation                2
   c - Spider Form                    Transmutation/Poison         3
   d - Ice Form                       Ice/Transmutation            4
   e - Blade Hands                    Transmutation                5
 i - a Necronomicon

   Spells                             Type                      Level
   a - Haunt                          Necromancy/Summoning         7
   b - Borgnjor's Revivification      Necromancy                   8
   c - Death's Door                   Charms/Necromancy            8
   d - Necromutation                  Transmutation/Necromancy     8
 D - a book of Spatial Translocations

   Spells                             Type                      Level
   a - Apportation                    Translocation                1
   b - Blink                          Translocation                2
   c - Shroud of Golubria             Charms/Translocation         2
   d - Portal Projectile              Translocation                3
   e - Teleport Other                 Translocation                3
   f - Passage of Golubria            Translocation                4
Comestibles
 c - 6 bread rations


   Skills:
 - Level 6.0(11.0) Fighting
 - Level 12.3(17.3) Dodging
 + Level 12.0(17.0) Unarmed Combat
 - Level 3.0 Spellcasting
 - Level 4.0 Transmutations


You had 10 spell levels left.
You knew the following spells:

 Your Spells              Type           Power        Failure   Level  Hunger
a - Beastly Appendage     Trmt           ##....       2%          1    #......
b - Sticks to Snakes      Trmt           ##........   4%          2    ##.....
c - Spider Form           Trmt/Pois      #.........   14%         3    ###....


Dungeon Overview and Level Annotations

Branches:
Dungeon (9/15)             Temple (1/1) D:5            Lair (1/8) D:9
    Orc (2/4) D:9

Altars:
Ashenzari
Cheibriados
Dithmenos
Elyvilon
Fedhas
Gozag
Kikubaaqudgha
Makhleb
Nemelex Xobeh
Okawaru
Qazlal
Ru
Sif Muna
Trog
Vehumet
Xom
Yredelemnul
Zin
The Shining One

Shops:
D:5 [

Annotations:
D:3 Mordenkainen's ghost, weakling DEWz
D:7 Maka's ghost, novice DrTm


Innate Abilities, Weirdness & Mutations

You can breathe blasts of noxious fumes.
Your lurid green scales are hard (AC +7).
Your body does not fit into most forms of armour.
Your system is resistant to poisons.
You are cold-blooded and may be slowed by cold attacks.
You have a pair of horns on your head.


Message History

* * * LOW HITPOINT WARNING * * *
The seven-headed hydra barely misses you.
The seven-headed hydra completely misses you.
The seven-headed hydra bites you.
* * * LOW HITPOINT WARNING * * *
The seven-headed hydra closely misses you.
The seven-headed hydra barely misses you.
The seven-headed hydra misses you. The blink frog closely misses you.
Drink which item? (? for menu, Esc to quit)
You feel better. The seven-headed hydra bites you!
* * * LOW HITPOINT WARNING * * *
The seven-headed hydra completely misses you.
The seven-headed hydra bites you but does no damage.
The seven-headed hydra misses you.
The seven-headed hydra barely misses you.
The seven-headed hydra bites you!
* * * LOW HITPOINT WARNING * * *
The seven-headed hydra bites you but does no damage.
The blink frog hits you.
You die...

################.............#
################.............#
.......................[....(#
..............P...P..........#
................PPPP.........#
..............P......PP......#
..........P.PP.P...PPP.......#
............PPP####.P.P......#
........#...P..#@[#P.P...##..#
........#...P.P#FD)..PP(###..#
..(.....##.P.PP####P.P..# #.[#
........##......PP..P)..# #.<#
........###..P.........## #..#
........###.P.P...P.P..####..#
........[......P.P...........#
........######......########.#
........# ###..### #.#


You could see a seven-headed hydra and a blink frog.

Vanquished Creatures
  Pikel (D:6)
  An orc sorcerer (Orc:1)
  Maurice (D:7)
  2 gargoyles (Volcano)
  Psyche (D:8)
  2 spiny frogs (Lair:1)
  A komodo dragon (Lair:1)
  A troll (D:9)
  Prince Ribbit (D:6)
  A deep elf mage (Orc:1)
  A fire elemental (Volcano)
  A hippogriff (Lair:1)
  Menkaure (D:6)
  A deep elf fighter (D:9)
  24 yaks
  5 wolves (Lair:1)
  A warg (D:9)
  4 water moccasins
  2 porcupines (Lair:1)
  4 slaves
  An orc warrior (D:8)
  A wasp (D:8)
  10 ogres
  An ice beast (D:5)
  A phantom (D:8)
  A necrophage (D:5)
  3 centaurs
  2 big kobolds
  Blork the orc (D:6)
  13 giant frogs
  4 crocodiles
  4 killer bees
  3 scorpions (D:5)
  An electric eel (Lair:1)
  12 wights
  2 crimson imps (D:5)
  A jelly (D:6)
  A giant frog zombie (D:8)
  6 orc priests
  A quasit (D:7)
  A centaur zombie (D:7)
  2 giant frog skeletons (D:9)
  A centaur skeleton (D:3)
  Crazy Yiuf (D:6)
  10 orc wizards
  5 hounds
  7 iguanas
  Natasha (D:2)
  6 worker ants
  A centaur simulacrum (D:8)
  A giant frog simulacrum (D:8)
  2 hound skeletons
  6 gnolls
  11 adders
  A shadow imp (D:7)
  A river rat (D:9)
  2 white imps (D:8)
  A worker ant simulacrum (D:8)
  An ooze (D:4)
  2 worms
  An adder skeleton (D:9)
  An adder zombie (D:9)
  8 giant geckos
  72 orcs
  7 hobgoblins
  13 kobolds
  3 quokkas
  17 bats
  8 giant cockroaches
  4 giant newts
  4 goblins
  3 jackals (D:3)
  16 rats
345 creatures vanquished.

Vanquished Creatures (collateral kills)
  Terence (D:2)
1 creature vanquished.

Vanquished Creatures (others)
  3 orcs
  2 fungi (D:6)
  21 plants
26 creatures vanquished.

Grand Total: 372 creatures vanquished

Notes
Turn   | Place    | Note
--------------------------------------------------------------
     0 | D:1      | Maka the Draconian Transmuter began the quest for the Orb.
     0 | D:1      | Reached XP level 1. HP: 16/16 MP: 3/3
   173 | D:1      | Reached XP level 2. HP: 21/23 MP: 5/5
   423 | D:2      | Noticed Terence
   442 | D:1      | Reached skill level 4 in Unarmed Combat
   492 | D:2      | Reached XP level 3. HP: 18/28 MP: 4/6
   681 | D:2      | Learned a level 2 spell: Sticks to Snakes
   685 | D:2      | Learned a level 3 spell: Spider Form
   710 | D:2      | Killed Terence
   908 | D:2      | Noticed Natasha
   937 | D:3      | Reached XP level 4. HP: 18/35 MP: 7/7
  1107 | D:3      | Reached skill level 5 in Unarmed Combat
  1697 | D:2      | Killed Natasha
  1697 | D:2      | Reached XP level 5. HP: 35/40 MP: 8/8
  1789 | D:3      | Noticed Mordenkainen's ghost (weakling DEWz)
  1990 | D:3      | Reached skill level 6 in Unarmed Combat
  2764 | D:4      | Reached XP level 6. HP: 45/47 MP: 9/9
  3148 | D:5      | Entered Level 5 of the Dungeon
  3266 | D:5      | Reached skill level 7 in Unarmed Combat
  3296 | D:5      | Found a staircase to the Ecumenical Temple.
  3345 | Temple   | Entered the Ecumenical Temple
  3570 | D:5      | Your scales start taking on a lurid green colour.
  3570 | D:5      | Gained mutation: Your system is resistant to poisons. [Green Draconian growth]
  3570 | D:5      | Reached XP level 7. HP: 49/52 MP: 9/11
  3903 | D:5      | Found Vypiun's Armour Emporium.
  4025 | D:5      | Found a burning altar of Makhleb.
  4029 | D:5      | Found a snail-covered altar of Cheibriados.
  4410 | D:5      | Found a radiant altar of Vehumet.
  4551 | D:5      | Found a glowing golden altar of the Shining One.
  4558 | D:5      | Found an iron altar of Okawaru.
  4562 | D:5      | Became a worshipper of Warmaster Okawaru
  4723 | D:6      | Found a white marble altar of Elyvilon.
  4758 | D:6      | Noticed Pikel
  4874 | D:6      | Killed Pikel
  4874 | D:6      | Acquired Okawaru's first power
  4874 | D:6      | Reached skill level 8 in Unarmed Combat
  4874 | D:6      | Reached XP level 8. HP: 19/63 MP: 12/12
  5214 | D:5      | Reached skill level 9 in Unarmed Combat
  5569 | D:6      | Noticed Menkaure
  5964 | D:7      | You fall through a shaft!
  5964 | D:8      | Noticed Maurice
  5992 | D:7      | Reached skill level 10 in Unarmed Combat
  6474 | D:6      | Noticed Prince Ribbit
  6486 | D:6      | Killed Prince Ribbit
  6486 | D:6      | Reached XP level 9. HP: 61/69 MP: 13/13
  6492 | D:6      | Killed Menkaure
  6584 | D:6      | Noticed Crazy Yiuf
  6597 | D:6      | Killed Crazy Yiuf
  6800 | D:6      | Noticed Blork the orc
  6801 | D:6      | Found a shattered altar of Ashenzari.
  6806 | D:6      | Killed Blork the orc
  6806 | D:6      | Reached skill level 5 in Dodging
  7101 | D:7      | Reached skill level 11 in Unarmed Combat
  7297 | D:7      | Noticed Maka's ghost (novice DrTm)
  7507 | D:7      | Reached skill level 5 in Fighting
  8073 | D:7      | Killed Maurice
  8277 | D:8      | Reached XP level 10. HP: 83/83 MP: 12/14
  8386 | D:8      | Noticed Psyche
  8396 | D:8      | Killed Psyche
  8396 | D:8      | Reached skill level 12 in Unarmed Combat
  9264 | D:9      | Found a staircase to the Lair.
  9879 | D:9      | Found a shimmering altar of Xom.
 10152 | D:9      | Found a staircase to the Orcish Mines.
 10457 | Orc:1    | Entered Level 1 of the Orcish Mines
 10544 | Orc:1    | Noticed an orc sorcerer
 10553 | Orc:1    | Killed an orc sorcerer
 10824 | Orc:1    | Found a dark tunnel.
 10834 | Volcano  | Entered a volcano
 10941 | Volcano  | Reached XP level 11. HP: 16/89 MP: 13/15
 11489 | Orc:2    | Acquired Okawaru's second power
 11801 | D:5      | Bought a +0 pair of gloves for 45 gold pieces
 11801 | D:5      | Bought a +2 pair of boots of running for 415 gold pieces
 12045 | D:9      | Received a gift from Okawaru
 12052 | D:9      | Reached skill level 10 in Dodging
 12372 | Lair:1   | Entered Level 1 of the Lair of Beasts
 12389 | Lair:1   | Found a sacrificial altar of Ru.
 14450 | Lair:1   | Noticed a seven-headed hydra
 14848 | D:9      | HP: 1/89 [seven-headed hydra (7)]
 14848 | D:9      | Slain by a blink frog

Vault maps used:
D:1:      lightli_arrival_boilingwater, minmay_misc_feat_chi
D:2:      grunt_ministairs_9, uniq_terence, uniq_natasha
D:3:      first_bread
D:5:      amethyst_overflow_temple_binary, fiery_altar_vehumet,
          nicolae_overflow_hidden_temple, minmay_temple_entry_overgrown,
          serial_shops, nicolae_shop_window_shopping, minmay_stone_trees_small,
          hangedman_decor_lopped
D:6:      elyvilon_altar_4, st_stairs_5, ashenzari_altar_1, uniq_blork_the_orc,
          uniq_pikel, uniq_menkaure, uniq_crazy_yiuf_cottage,
          uniq_prince_ribbit1
D:8:      serial_ice, serial_ice_c, serial_ice_l, serial_ice_g, serial_ice_d,
          uniq_psyche, uniq_maurice
D:9:      xom_butterflies, grunt_lair_entry_elf_guard_hut, david_orc_3
Temple:   temple_eino_lava_12
Lair:1:   basic_altar, serial_bayou_lagoon_a
Orc:1:    enter_volcano_2
Orc:2:    basic_altar
Volcano:  volcano_overflow

Action                   |  1- 3 |  4- 6 |  7- 9 | 10-12 || total
-------------------------+-------+-------+-------+-------++-------
Melee: Unarmed           |   138 |   216 |   408 |   778 ||  1540
 Cast: Beastly Appendage |     5 |    13 |    27 |    33 ||    78
       Sticks to Snakes  |     1 |       |       |       ||     1
Invok: Heroism           |       |       |       |     1 ||     1
 Abil: Breathe Noxious F |       |       |    11 |     4 ||    15
  Use: Scroll            |     3 |    14 |     4 |     4 ||    25
       Potion            |       |       |       |     5 ||     5
 Stab: Confused          |       |       |     4 |     2 ||     6
       Distracted        |       |       |     1 |     1 ||     2
       Sleeping          |       |       |     1 |       ||     1
  Eat: Chunk             |       |     4 |     1 |     2 ||     7
       Beef jerky        |       |     2 |       |     1 ||     3
       Fruit             |       |     4 |     3 |       ||     7
       Meat ration       |       |       |     3 |     2 ||     5
       Pizza             |       |       |     1 |       ||     1
       Bread ration      |       |       |       |     2 ||     2
